Map: Efflorescence LE

Players

qqq

  • Race: Zerg Zerg
  • Spawn Location: 9:00

Massa

  • Race: Terran Terran
  • League: Platinum
  • Spawn Location: 6:00

Tasavalta - Winner!

  • Race: Zerg Zerg
  • League: Silver
  • Spawn Location: 12:00

TheTu - Winner!

  • Race: Zerg Zerg
  • League: Diamond
  • Spawn Location: 3:00

VOD

Have the link to the VOD?

Description

Time

  • Played on: Oct. 29, 2020, 4:05 p.m.
  • Length: 4:06
Show
View Real Time Build Order
Export as new Build Order

qqq Zerg 

Build Orders: Hatch First 

Get SALT Encoding   

  12  0:00  Drone  
  13  0:08  Drone  
  14  0:36  Hatchery  
  14  0:40  Drone  
  14  0:58  Spawning Pool  
  13  1:05  Overlord  
  13  1:10  Drone  
  14  1:19  Extractor  
  14  1:20  Drone  
  14  1:25  Drone  
  15  1:44  Zergling x4  
  16  1:47  Queen  
  16  1:49  Zergling x2  
  16  1:51  Zergling x2  
  20  2:00  Zergling x2  
  21  2:09  Zergling x2  
  21  2:22  Zergling x6  
  23  2:23  Zergling x2  
  23  2:37  Metabolic Boost  
  23  2:39  Zergling x2  
  23  2:40  Zergling x2  
  22  2:56  Zergling x6  
  23  3:26  Baneling Nest  
  16  3:28  Drone x2  
  16  3:29  Zergling x2  
  16  3:31  Spine Crawler  
  17  3:37  Zergling x2  
Show
View Real Time Build Order
Export as new Build Order

Massa Terran 

Build Orders:  

Get SALT Encoding   

  12  0:00  SCV  
  13  0:12  SCV  
  14  0:21  Supply Depot  
  14  0:24  SCV  
  15  0:31  Refinery  
  15  0:44  Barracks  
  15  0:45  SCV  
  16  0:57  SCV  
  17  1:09  SCV  
  18  1:22  SCV  
  19  1:32  Reaper  
  20  1:40  Bunker  
  20  1:51  Barracks  
  20  1:53  Bunker  
  20  1:58  Orbital Command  
  20  2:00  Barracks  
  20  2:04  Marine  
  21  2:22  Marine  
  19  2:39  Marine  
  19  2:43  Bunker  
  20  2:54  Marine x2  
  21  3:04  Marine  
  20  3:12  Marine x2  
  22  3:22  Marine  
  20  3:27  Factory  
  20  3:28  SCV, Supply Depot  
  20  3:29  Marine  
  20  3:30  Marine  
  20  3:40  SCV, Marine  
Show
View Real Time Build Order
Export as new Build Order

Tasavalta Zerg - Winner!

Build Orders: Pool Only 

Get SALT Encoding   

  12  0:01  Drone  
  13  0:22  Spawning Pool  
  13  0:26  Drone  
  13  0:31  Extractor  
  13  0:34  Drone  
  13  0:41  Overlord  
  13  1:09  Zergling x2  
  13  1:10  Zergling x4  
  16  1:12  Queen  
  18  1:26  Zergling x2  
  18  1:31  Metabolic Boost  
  19  1:35  Zergling x2  
  20  1:46  Zergling x2  
  21  1:55  Zergling x2  
  22  2:05  Overlord  
  21  2:19  Overlord  
  21  2:29  Zergling x6  
  24  2:38  Zergling x2  
  24  2:54  Zergling x2  
  20  3:06  Zergling x4  
  22  3:15  Zergling x2  
  22  3:16  Zergling x4  
  24  3:21  Zergling x2  
  24  3:36  Zergling x2  
  25  3:41  Zergling x4  
  25  3:42  Zergling x2  
  28  3:49  Zergling x2  
Show
View Real Time Build Order
Export as new Build Order

TheTu Zerg - Winner!

Build Orders: 1 Base Baneling Bust, Pool Only 

Get SALT Encoding   

  12  0:00  Drone  
  13  0:22  Spawning Pool  
  13  0:26  Drone  
  13  0:30  Extractor  
  13  0:33  Drone  
  13  0:41  Overlord  
  13  0:52  Drone  
  14  1:09  Zergling x2  
  14  1:10  Zergling x4  
  17  1:14  Queen  
  19  1:22  Zergling x2  
  20  1:34  Zergling x2  
  20  1:39  Metabolic Boost  
  21  1:56  Overlord  
  21  1:57  Baneling Nest  
  20  2:03  Zergling x2  
  20  2:04  Zergling x2  
  22  2:20  Zergling x2  
  22  2:27  Zergling x6  
  23  2:40  Zergling x4  
  23  2:53  Zergling x2  
  24  3:08  Baneling x4  
  24  3:09  Baneling  
  24  3:10  Zergling x2  
  25  3:15  Zergling x2  
  23  3:33  Baneling x2  
  21  3:37  Zergling x8  
Tags
 
Add a new tag
Caveats
  • Supply blocks, unpowered buildings, or Contaminate may cause inaccurate times.
  • Supply counts are checked every 10 seconds.